 Dungeon Crawl Stone Soup version 0.31.0-1-g2c135a0 (webtiles) character file.

Game seed: 10724124360923547295

12850 login18 the Grappler (level 11, -2/175 HPs)
             Began as a Troll Monk on Apr 14, 2024.
             Was a Priest of Trog.
             Killed by divine providence
             ... invoked by a meliai
              (16 damage)
             ... on level 11 of the Dungeon.
             The game lasted 00:16:26 (8746 turns).

login18 the Grappler (Troll Monk)                   Turns: 8746, Time: 00:16:28

Health: -2/175     AC:  7    Str: 23    XL:     11   Next: 67%
Magic:  10/10      EV: 10    Int:  8    God:    Trog [***...]
Gold:   462        SH:  0    Dex: 12    Spells: 10/10 levels left

rFire   . .          .
                       - Unarmed
rCold   + + .        c - orb {light}
rNeg    + . .        K - +0 troll leather armour
rPois   .            O - +1 hat
rElec   .            P - +0 cloak {Stlth+}
rCorr   .            (gloves unavailable)
SInv    .            (boots unavailable)
Will    ++...        (no amulet) Stlth
                     p - ring "Lyntinei" {rC+ rN+}
HPRegen 3.09/turn    G - ring of protection from cold
MPRegen 0.12/turn

%: no passive effects
@: berserking, lethally poisoned (-2 -> -2), strong-willed, regenerating,
glowing, very quick
A: large, unfitting armour, claws 3, regeneration 1, shaggy fur 1, tough skin 1
a: Renounce Religion, Berserk, Trog's Hand


You were on level 11 of the Dungeon.
You worshipped Trog.
Trog was most pleased with you.
You visited 2 branches of the dungeon, and saw 12 of its levels.

You collected 610 gold pieces.
You spent 148 gold pieces at shops.

Inventory:

Missiles
 u - 2 atropa-tipped darts (quivered)
 A - 2 throwing nets
Armour
 c - an orb of light (worn)
 x - a +1 robe of fire resistance
 K - a +0 troll leather armour (worn)
 N - +0 acid dragon scales
 O - a +1 hat (worn)
 P - a +0 cloak of stealth (worn)
Jewellery
 p - the ring "Lyntinei" (left claw) {rC+ rN+}
   (You found it on level 11 of the Dungeon)

   [ring of positive energy]

   rC+:       It protects you from cold.
   rN+:       It protects you from negative energy.
 G - a ring of protection from cold (right claw)
Talismans
 M - a flux talisman
Wands
 a - a wand of digging (12)
 b - a wand of flame (13)
 d - a wand of polymorph (2)
 y - a wand of roots (31)
 F - a wand of light (14)
 H - a wand of mindburst (2)
Scrolls
 e - 2 scrolls of identify
 f - a scroll of noise {unknown}
 m - 5 scrolls of teleportation {unknown}
 n - a scroll of amnesia {unknown}
 o - 2 scrolls of enchant armour {unknown}
 q - a scroll of vulnerability {unknown}
 s - 4 scrolls of blinking {unknown}
 t - a scroll of fog {unknown}
 w - a scroll of torment {unknown}
 B - 4 scrolls of revelation
 C - a scroll of fear {unknown}
 D - 3 scrolls of immolation {unknown}
 I - a scroll of enchant weapon {unknown}
 J - a scroll of silence {unknown}
Potions
 g - 6 potions of heal wounds
 h - a potion of enlightenment
 i - 3 potions of curing
 j - 6 potions of might
 k - 2 potions of berserk rage
 l - 2 potions of invisibility
 z - 2 potions of mutation
 E - a potion of magic {unknown}


   Skills:
 + Level 9.9 Fighting
 - Level 3.0 Dodging
 + Level 11.6 Unarmed Combat
 + Level 3.5 Evocations
 + Level 8.0 Shapeshifting


You had 10 spell levels left.
You didn't know any spells.
Your spell library contained the following spells:

 Spells                   Type           Power      Damage    Failure   Level
 Gell's Gravitas          Tloc           0%         N/A       83%         3
 Inner Flame              Hex/Fire       0%         N/A       83%         3
 Teleport Other           Tloc           0%         N/A       83%         3
 Leda's Liquefaction      Alch/Erth      0%         N/A       99%         4
 Petrify                  Alch/Erth      0%         N/A       99%         4
 Irradiate                Conj/Alch      0%         3d11      100%        5
 Lee's Rapid Deconstruct  Erth           0%         3d4*      100%        5
 Dispersal                Tloc           0%         N/A       100%        6
 Ignition                 Fire           0%         3d3       100%        8


Dungeon Overview and Level Annotations

Branches:
Dungeon (11/15)            Temple (1/1) D:6             Orc (0/2) D:9
   Lair: D:8-11

Altars:
Ashenzari
Cheibriados
Dithmenos
Elyvilon
Fedhas
Gozag
Hepliaklqana
Kikubaaqudgha
Makhleb
Nemelex Xobeh
Okawaru
Qazlal
Ru
Sif Muna
Trog
Uskayaw
Vehumet
Wu Jian
Xom
Yredelemnul
Zin
The Shining One

Shops:
D:1 ?((   D:2 [   D:7 *   D:10 ?:(=


Innate Abilities, Weirdness & Mutations

You are too large for most types of armour.
You have claws for hands.
Your natural rate of healing is unusually fast.
You are covered in fur. (AC +1)
You have tough skin. (AC +1)


Message History

The centaur warrior is severely wounded.
The centaur warrior hits you! The centaur warrior kicks you.
You mangle the centaur warrior!!
You kill the centaur warrior!
Trog accepts your kill.
The meliai mumbles some strange prayers to its god against you.
Something smites you!
The rakshasa blinks!
You hear a shout!
Your Shapeshifting skill increases to level 8!
The meliai hits you with a +0 war axe! The meliai stings you.
The meliai attacks as it pursues you! The meliai hits you with a +0 war axe!
The meliai barely misses you.
The rakshasa blinks!
The meliai hits you with a +0 war axe.
The meliai stings you but does no damage.
Your skin crawls.
You feel strong-willed. The meliai barely misses you. The meliai stings you!
You are poisoned.
The meliai poisons you! The meliai hits you with a +0 war axe!
The meliai barely misses you.
Unknown command.
You scratch the meliai but do no damage.
You feel very sick.
The meliai calls down the wrath of its god upon you.
Something smites you!
You scratch the meliai but do no damage.
You feel very sick. The meliai hits you with a +0 war axe!
* * * LOW HITPOINT WARNING * * *
The meliai stings you but does no damage.
The meliai mumbles some strange prayers to its god against you.
Something smites you!
* * * LOW HITPOINT WARNING * * *
A red film seems to cover your vision as you go berserk!
You feel yourself moving faster!
You feel mighty!
You can no longer call in reinforcements.
You feel very sick.
The meliai invokes the aid of its god against you.
Something smites you!
You die...

#........#### #........
#......^.'..# #........
#........##.###........
#........##..##...>....
######+####..#.....(..
#..+........
#...........
#.####.####. #@# .H.
##y# u.. #.O# ...#
........R~c.8c....
...###..#~......#. .
##.#...... #.# .....
#.# ##.## #.. ...


You could see a rakshasa, an ogre mage and a meliai.

Vanquished Creatures
  Gastronok (D:10)
  2 two-headed ogres
  A centaur warrior (D:11)
  Maurice (D:10)
  Joseph (D:10)
  Maggie (D:9)
  2 trolls
  A hornet (D:8)
  Grinder (D:4)
  Sigmund (D:4)
  2 slime creatures (D:8)
  3 wraiths
  20 yaks
  Eustachio (D:4)
  Edmund (D:4)
  2 acid dragons (D:11)
  A water moccasin (D:5)
  An orc warrior (D:6)
  2 ice beasts
  A sky beast (D:8)
  A black bear (D:6)
  2 ogres (D:6)
  2 centaurs
  4 kobold brigands (D:8)
  A scorpion (D:4)
  2 bullfrogs (D:7)
  11 wights
  6 howler monkeys
  4 crimson imps (D:5)
  6 jellies
  3 hounds
  6 orc priests
  3 gnoll boudas
  4 iguanas
  15 orc wizards
  12 gnolls
  7 adders
  4 white imps
  2 ufetubi (D:7)
  2 dart slugs
  A ribbon worm (D:3)
  26 orcs
  7 ball pythons
  8 endoplasms
  A giant cockroach (D:2)
  6 goblins
  7 hobgoblins
  2 jackals (D:5)
  11 kobolds
  3 quokkas
  3 bats
  6 frilled lizards
  11 rats
235 creatures vanquished.

Vanquished Creatures (collateral kills)
  3 yaks (D:10)
3 creatures vanquished.

Grand Total: 238 creatures vanquished

Notes
Turn   | Place    | Note
-------+----------+-------------------------------------------
     0 | D:1      | login18 the Troll Monk began the quest for the Orb.
     0 | D:1      | Reached XP level 1. HP: 22/22 MP: 0/0
   145 | D:1      | Reached XP level 2. HP: 29/29 MP: 1/1
   260 | D:1      | Found Dippotee's Weapon Shoppe.
   295 | D:1      | Found Deqopt's Antique Weapon Boutique.
   460 | D:1      | Found Guezaul's Magic Scroll Emporium.
   634 | D:2      | Reached XP level 3. HP: 33/36 MP: 2/2
   748 | D:2      | Found an ancient bone altar of Kikubaaqudgha.
   972 | D:2      | Found Acrasopno's Antique Armour Boutique.
  1575 | D:3      | Reached XP level 4. HP: 45/45 MP: 3/3
  1760 | D:3      | Noticed an ice beast
  1773 | D:3      | Killed an ice beast
  1774 | D:3      | Reached skill level 4 in Unarmed Combat
  1774 | D:3      | Reached XP level 5. HP: 45/54 MP: 4/4
  1793 | D:3      | Found a faded altar of an unknown god.
  1815 | D:3      | Prayed at the altar of an unknown god.
  1815 | D:3      | Became a worshipper of Trog the Wrathful
  1815 | D:3      | Reached * piety under Trog
  1815 | D:3      | Reached ** piety under Trog
  2051 | D:3      | Found a sparkling altar of Nemelex Xobeh.
  2106 | D:3      | Found a shimmering blue altar of Sif Muna.
  2263 | D:4      | Noticed Eustachio
  2289 | D:4      | Killed Eustachio
  2290 | D:4      | Reached skill level 5 in Unarmed Combat
  2290 | D:4      | Reached XP level 6. HP: 37/62 MP: 5/5
  2353 | D:4      | Noticed Edmund
  2362 | D:4      | Killed Edmund
  2411 | D:4      | Found an ornate altar of the Wu Jian Council.
  2689 | D:4      | Noticed Grinder
  2702 | D:4      | Reached XP level 7. HP: 67/71 MP: 6/6
  2712 | D:4      | Killed Grinder
  2713 | D:4      | Reached skill level 5 in Fighting
  2713 | D:4      | Reached skill level 6 in Unarmed Combat
  2913 | D:4      | Noticed Sigmund
  2927 | D:4      | Killed Sigmund
  3008 | D:5      | Entered Level 5 of the Dungeon
  3037 | D:5      | Found a shimmering altar of Xom.
  3044 | D:5      | Reached skill level 7 in Unarmed Combat
  3044 | D:5      | Reached XP level 8. HP: 83/83 MP: 7/7
  3095 | D:5      | Reached *** piety under Trog
  3193 | D:5      | Got the Directory of Clay
  3604 | D:6      | Identified the +3 ring mail of the Gloaming {rF- Int+3
                  | SInv}
  3612 | D:6      | Found a staircase to the Ecumenical Temple.
  3633 | Temple   | Entered the Ecumenical Temple
  3684 | D:6      | Reached skill level 1 in Shapeshifting
  3781 | D:6      | Reached skill level 8 in Unarmed Combat
  3810 | D:6      | Found a hide-covered altar of Uskayaw.
  4294 | D:7      | Reached XP level 9. HP: 93/93 MP: 8/8
  4523 | D:7      | Found Qoenwargh's General Store.
  5343 | D:7      | Bought a potion of lignification for 36 gold pieces
  5597 | D:8      | Reached skill level 9 in Unarmed Combat
  5624 | D:8      | Reached **** piety under Trog
  5634 | D:8      | Reached skill level 5 in Shapeshifting
  5694 | D:8      | Found a white marble altar of Elyvilon.
  6294 | D:8      | Reached XP level 10. HP: 104/104 MP: 9/9
  6352 | D:8      | Found a basalt altar of Yredelemnul.
  6352 | D:8      | Found a snail-covered altar of Cheibriados.
  6352 | D:8      | Found a shimmering altar of Xom.
  6352 | D:8      | Found an ancient bone altar of Kikubaaqudgha.
  6352 | D:8      | Found a sparkling altar of Nemelex Xobeh.
  6352 | D:8      | Found an iron altar of Okawaru.
  6547 | D:9      | Noticed a two-headed ogre
  6548 | D:9      | Reached skill level 10 in Unarmed Combat
  6639 | D:9      | Found a staircase to the Orcish Mines.
  6746 | D:9      | Killed a two-headed ogre
  7112 | D:9      | Found a shadowy altar of Dithmenos.
  7196 | D:9      | Noticed Maggie
  7202 | D:9      | Killed Maggie
  7203 | D:9      | Reached skill level 1 in Evocations
  7398 | D:10     | Entered Level 10 of the Dungeon
  7420 | D:10     | Noticed Joseph
  7432 | D:10     | Killed Joseph
  7459 | D:10     | Noticed Gastronok
  7485 | D:10     | Killed Gastronok
  7486 | D:10     | Reached skill level 11 in Unarmed Combat
  7486 | D:10     | Reached XP level 11. HP: 113/115 MP: 10/10
  7733 | D:10     | Found a snail-covered altar of Cheibriados.
  7782 | D:10     | Noticed a two-headed ogre
  7788 | D:10     | Killed a two-headed ogre
  7954 | D:10     | Found Nauff's Antique Weapon Boutique.
  7996 | D:10     | Found Humyhehy's Magic Scroll Emporium.
  7996 | D:10     | Noticed Maurice
  8000 | D:10     | Found Hoplom's Book Boutique.
  8001 | D:10     | Maurice stole a flux talisman
  8004 | D:10     | Maurice stole 2 throwing nets
  8006 | D:10     | Maurice stole a +6 ring of dexterity
  8010 | D:10     | Killed Maurice
  8059 | D:10     | Bought a scroll of revelation for 112 gold pieces
  8082 | D:10     | Found Geuhit's Jewellery Shop.
  8117 | D:10     | Found Nuamn's Weapon Shoppe.
  8439 | D:11     | Identified the ring "Lyntinei" {rC+ rN+}
  8731 | D:11     | Noticed a cyan ugly thing
  8731 | D:11     | Noticed a centaur warrior
  8735 | D:11     | Noticed a centaur warrior
  8736 | D:11     | Noticed an ogre mage
  8737 | D:11     | Noticed a rakshasa
  8740 | D:11     | Killed a centaur warrior
  8746 | D:11     | Killed from afar by a meliai

Illustrated notes

Levels and vault maps discovered:
D:1:      amcnicky_arrival_flooded_fountain, layout_rooms, serial_shops,
          nicolae_shop_rolled_up, nicolae_shop_stone, shop
D:2:      layout_loops_ring, basic_altar, serial_shops,
          nicolae_shop_pleasant_corner_grove
D:3:      layout_loops_corners, nemelex_dance_club_becter,
          lemuel_blue_sif_altar, basic_ecumenical_altar, kennysheep_doodads,
          minmay_starry_boxes
D:4:      layout_loops_ring, nicolae_wu_jian_immortal_techniques,
          uniq_eustachio, uniq_sigmund, uniq_grinder, uniq_edmund
D:5:      layout_gridville, led_xom_imps, minmay_misc_feat_cross,
          minmay_splitting_lines
D:6:      layout_rooms, mainiacjoe_overflow_six_doors_small,
          minmay_temple_entry_junction
D:7:      layout_basic, serial_shops, nicolae_shop_tiny_waterfront
D:8:      cheibrodos_fertilizer, layout_loops_corners, elyvilon_altar_4,
          kennysheep_generic_room_14
D:9:      layout_rooms, grunt_dithmenos_smoke, orc_0_dummy, uniq_maggie
D:10:     layout_basic, mainiacjoe_overflow_cross_hatched, serial_shops, shop,
          shop, shop, nicolae_shop_tiny_real_fake_doors, shop, serial_curves,
          eino_curves_01, eino_curves_02, nrook_campfire, hangedman_glass_teeth,
          uniq_joseph, uniq_maurice, uniq_gastronok
D:11:     layout_roguey, lair_entry_dummy, minivault_28
Temple:   compressed_dpeg_circular_temple

Skill      XL: |  1  2  3  4  5  6  7  8  9 10 11 |
---------------+----------------------------------+-----
Fighting       | 3 4 5 7 8 9 |  9.9
Dodging        | 3 |  3.0
Unarmed Combat | 4 5 7 8 9 11 | 11.6
Shapeshifting  | 2 5 7 8 |  8.0
Evocations     | 2 3 |  3.5

Action                     |  1- 3 |  4- 6 |  7- 9 | 10-12 || total
---------------------------+-------+-------+-------+-------++-------
  Melee: Unarmed           |    91 |    63 |   232 |   240 ||   626
 Invoke: Berserk           |       |     2 |     7 |    12 ||    21
         Trog's Hand       |       |     1 |     6 |     6 ||    13
         Brothers in Arms  |       |       |       |     1 ||     1
  Evoke: Wand              |       |       |       |     2 ||     2
    Use: Potion            |       |       |     1 |     1 ||     2
         Scroll            |       |       |       |     8 ||     8
   Stab: Distracted        |       |       |     1 |       ||     1
 Armour: Robe              |    52 |    57 |   154 |    61 ||   324
         Skin              |       |       |    19 |       ||    19
         Troll leather arm |       |       |       |   126 ||   126
  Dodge: Dodged            |    44 |    42 |   106 |    68 ||   260
